 Dungeon Crawl Stone Soup version 0.22.0-6-g71bd7aa (webtiles) character file.

1156 mopl the Spear-Bearer (level 8, -2/61 HPs)
             Began as a Merfolk Gladiator on Aug 14, 2018.
             Was a Believer of Okawaru.
             Killed by divine providence
             ... invoked by an orc priest
              (15 damage)
             ... on level 5 of the Dungeon.
             The game lasted 00:07:59 (5286 turns).

mopl the Spear-Bearer (Merfolk Gladiator)           Turns: 5286, Time: 00:07:59

Health: -2/61      AC: 11    Str: 16    XL:     8   Next: 39%
Magic:  7/10       EV: 18    Int:  8    God:    Okawaru [**....]
Gold:   216        SH:  0    Dex: 15    Spells: 7/7 levels left

rFire    . . .     SeeInvis .   a - +0 trident
rCold    . . .     Gourm    .   (no shield)
rNeg     + . .     Faith    .   B - +3 ring mail {rPois}
rPois    +         Spirit   .   x - +0 helmet
rElec    .         Reflect  .   (no cloak)
rCorr    .         Harm     .   (no gloves)
MR       .....                  (no boots)
Stlth    ++........             (no amulet)
HPRegen  0.20/turn              z - ring of positive energy
MPRegen  0.12/turn              (no ring)

@: heroism
A: change form in water, swift swim, stealthy swim
a: Heroism, Renounce Religion


You were on level 5 of the Dungeon.
You worshipped Okawaru.
Okawaru was pleased with you.
You were hungry.

You visited 1 branch of the dungeon, and saw 5 of its levels.

You collected 216 gold pieces.

Inventory:

Hand Weapons
 a - a +0 trident (weapon)
Missiles
 d - 3 throwing nets
 s - 3 tomahawks (quivered)
 v - 9 tomahawks of returning
Armour
 x - a +0 helmet (worn)
 B - a +3 ring mail of poison resistance (worn)
Jewellery
 b - an uncursed ring of ice
 z - a ring of positive energy (left hand)
Wands
 A - a wand of random effects (68)
Scrolls
 c - 2 scrolls of magic mapping {unknown}
 e - a scroll of fog {unknown}
 g - 4 scrolls of teleportation {unknown}
 i - a scroll of fear {unknown}
 k - 3 scrolls of remove curse {unknown}
 l - 3 scrolls of enchant armour {unknown}
 q - 2 scrolls of identify {unknown}
 r - a scroll of amnesia {unknown}
 u - a scroll of immolation {unknown}
 y - a scroll of random uselessness {unknown}
Potions
 h - 8 potions of curing
 j - a potion of haste {unknown}
 m - 2 potions of flight {unknown}
 n - 2 potions of agility
 o - a potion of lignification {unknown}
 p - 2 potions of degeneration {unknown}
 t - a potion of mutation {unknown}
Comestibles
 f - 8 rations
 w - a chunk of flesh


   Skills:
 + Level 4.7(9.7) Fighting
 * Level 9.3(14.3) Polearms
 - Level 2.0(7.0) Throwing
 + Level 2.8(7.8) Armour
 + Level 6.5(11.5) Dodging
 + Level 3.7 Invocations


You had 7 spell levels left.
You didn't know any spells.
Your spell library was empty.

Dungeon Overview and Level Annotations

Branches:
Dungeon (5/15)
 Temple: D:4-7

Altars:
Okawaru
Trog
Beogh

Annotations:
D:3 goulibeur's ghost, amateur DsAK
D:5 Sigmund


Message History

Pikel burns you.
* * * LOW HITPOINT WARNING * * *
The orc closely misses you.
You gain the combat prowess of a mighty hero.
The orc barely misses you.
Sigmund the Dreaded comes into view.
He is wielding a scythe.
The orc misses you. Pikel hits you but does no damage.
Unknown command.
You hit Pikel.
You kill Pikel!
Okawaru is honoured by your kill.
Your base Polearms skill increases to level 9!
Your base Dodging skill increases to level 6!
Your Invocations skill increases to level 3!
You have reached level 8!
With Pikel's spell broken, the former slaves thank you for their freedom.
The orc closely misses you. The orc misses you.
The orc priest invokes the aid of Beogh against you.
Beogh smites you!
You die...

......##...##....########
...........#............
...........#............
...........#..........@.
...........#.().........
...........#............
...........#....o.......
...........'...ooo......
......##...##.##@#####
......##...##.##)####
..............ppp..#
..................#
................#
.........$......#
......p.........#
.##......###..## #......#
..#


You could see Sigmund, an orc priest, 3 orcs and 3 neutral freed slaves.

Vanquished Creatures
  Pikel (D:5)
  A sky beast (D:4)
  A slave (D:5)
  Blork the orc (D:5)
  A crimson imp (D:5)
  2 orc wizards (D:5)
  An iguana (D:4)
  Ijyb (D:4)
  4 worker ants
  Terence (D:2)
  A killer bee zombie (D:5)
  Robin (D:4)
  3 gnolls
  5 adders
  An adder skeleton (D:4)
  2 worms (D:4)
  3 dart slugs
  A leopard gecko (D:3)
  16 orcs
  2 giant cockroaches (D:1)
  26 goblins
  8 hobgoblins
  18 jackals
  8 kobolds
  3 quokkas
  5 bats
  4 frilled lizards
  4 rats
125 creatures vanquished.

Notes
Turn   | Place    | Note
-------+----------+-------------------------------------------
     0 | D:1      | mopl the Merfolk Gladiator began the quest for the Orb.
     0 | D:1      | Reached XP level 1. HP: 16/16 MP: 1/1
   131 | D:1      | Reached XP level 2. HP: 23/23 MP: 2/2
   295 | D:1      | Reached skill level 5 in Polearms
   658 | D:2      | Found an iron altar of Okawaru.
   682 | D:2      | Noticed Terence
   692 | D:2      | Killed Terence
   692 | D:2      | Reached XP level 3. HP: 19/28 MP: 3/3
   709 | D:2      | Became a worshipper of Warmaster Okawaru
   889 | D:2      | Reached skill level 1 in Armour
   889 | D:2      | Reached XP level 4. HP: 21/34 MP: 4/4
  1269 | D:2      | Found a faded altar of an unknown god.
  2096 | D:3      | Reached skill level 3 in Fighting
  2140 | D:3      | Found a runed gate.
  2140 | D:3      | Found a runed gate.
  2140 | D:3      | Found a runed gate.
  2155 | D:3      | Noticed goulibeur's ghost (amateur DsAK)
  2164 | D:3      | Found a roughly hewn altar of Beogh.
  2207 | D:3      | Reached skill level 6 in Polearms
  2247 | D:2      | Reached XP level 5. HP: 8/41 MP: 5/5
  2505 | D:3      | Reached skill level 1 in Invocations
  3264 | D:3      | Got a bloodstained scale mail
  3298 | D:3      | Identified the +1 scale mail of the Immovable Gods {rPois Stlth+} (You took it off an orc on level 3 of the Dungeon)
  3353 | D:4      | Reached skill level 5 in Dodging
  3387 | D:4      | Noticed a sky beast
  3406 | D:4      | Killed a sky beast
  3406 | D:4      | Reached * piety under Okawaru
  3406 | D:4      | Reached XP level 6. HP: 12/47 MP: 7/7
  3664 | D:4      | Reached skill level 7 in Polearms
  3664 | D:4      | Reached skill level 2 in Invocations
  3928 | D:4      | Noticed a moth of wrath
  3931 | D:4      | Found a bloodstained altar of Trog.
  4335 | D:4      | Noticed Robin
  4386 | D:4      | Killed Robin
  4657 | D:4      | Noticed Ijyb
  4668 | D:4      | Reached skill level 2 in Armour
  4692 | D:4      | Killed Ijyb
  4692 | D:4      | Reached XP level 7. HP: 53/53 MP: 8/8
  4900 | D:5      | Entered Level 5 of the Dungeon
  4964 | D:5      | HP: 2/53 [something (1)]
  5107 | D:5      | Reached skill level 4 in Fighting
  5213 | D:5      | Noticed Blork the orc
  5222 | D:5      | Killed Blork the orc
  5222 | D:5      | Reached skill level 8 in Polearms
  5231 | D:5      | Noticed Pikel
  5285 | D:5      | Noticed Sigmund
  5286 | D:5      | Killed Pikel
  5286 | D:5      | Reached ** piety under Okawaru
  5286 | D:5      | Reached skill level 9 in Polearms
  5286 | D:5      | Reached skill level 6 in Dodging
  5286 | D:5      | Reached skill level 3 in Invocations
  5286 | D:5      | Reached XP level 8. HP: 13/61 MP: 7/10
  5286 | D:5      | Killed from afar by an orc priest

Skill      XL: |  1  2  3  4  5  6  7 |
---------------+----------------------+-----
Polearms       | 5 6 7 9 |  9.3
Armour         | 1 2 |  2.8
Fighting       | 3 4 |  4.7
Invocations    | 1 2 3 |  3.7
Dodging        | 5 6 |  6.5
Throwing       | |  2.0

Action                   |  1- 3 |  4- 6 |  7- 9 || total
-------------------------+-------+-------+-------++-------
Melee: Trident           |   120 |   378 |   126 ||   624
       Punch             |       |     2 |       ||     2
Throw: Tomahawk          |       |     3 |       ||     3
Invok: Heroism           |       |     2 |     4 ||     6
  Use: Potion            |       |       |     1 ||     1
 Stab: Sleeping          |     2 |       |       ||     2
  Eat: Chunk             |       |    12 |     2 ||    14
Armor: Leather armour    |     3 |       |       ||     3
       Ring mail         |    27 |    36 |    53 ||   116
       Scale mail        |       |    93 |     1 ||    94
Dodge: Dodged            |    65 |   267 |    93 ||   425
